 Dungeon Crawl Stone Soup version 0.30.0-10-gfe55d96785 (webtiles) character file.

Game seed: 12336236801361960672

632 RascalDebosk the Magician (level 7, 0/50 HPs)
             Began as a Djinni Fire Elementalist on May 14, 2023.
             Was an Initiate of Ashenzari.
             Slain by a scorpion (2 damage)
             ... on level 5 of the Dungeon.
             The game lasted 00:20:46 (4276 turns).

RascalDebosk the Magician (DjFE)                    Turns: 4276, Time: 00:20:47

Health: 0/50       AC:  2    Str:  7    XL:     7   Next: 78%
Gold:   292        EV: 12    Int: 18    God:    Ashenzari [......] SH:  0 Dex: 14

rFire   + + .        f - +0 short sword
rCold   x . .        (no shield)
rNeg    . . .        a - +0 robe
rPois   ∞            (no helmet)
rElec   .            (no cloak)
rCorr   .            (no gloves)
SInv    .            (boots unavailable)
Will    .....        (no amulet)
Stlth   ++           j - +4 ring of slaying
HPRegen 0.28/turn    (no ring)
MPRegen 0.00/turn

%: infuse magic (-1 HP)
@: flying, very slightly contaminated
A: sickness immunity, fire resistance 2, cold vulnerability 1, float, innate
caster, HP casting, extra vitality 1
a: Renounce Religion


You were on level 5 of the Dungeon.
You worshipped Ashenzari.
Ashenzari was noncommittal.
You visited 2 branches of the dungeon, and saw 7 of its levels.

You collected 292 gold pieces.

Inventory:

Hand Weapons
 f - a +0 short sword (weapon)
Armour
 a - a +0 robe (worn)
 m - a +0 ring mail of cold resistance
Jewellery
 j - a +4 ring of slaying (left hand)
 s - a ring of protection from fire
Wands
 t - a wand of digging (2)
Scrolls
 c - a scroll of enchant weapon {unknown}
 e - 6 scrolls of identify {unknown}
 g - 3 scrolls of teleportation {unknown}
 l - a scroll of vulnerability {unknown}
 o - a scroll of butterflies {unknown}
 p - a scroll of noise {unknown}
 q - a scroll of amnesia {unknown}
 u - 2 scrolls of fear {unknown}
 v - a scroll of fog {unknown}
 w - a scroll of brand weapon {unknown}
Potions
 b - a potion of ambrosia {unknown}
 d - 3 potions of brilliance {unknown}
 h - 4 potions of heal wounds
 i - a potion of haste {unknown}
 k - a potion of magic {unknown}
 n - a potion of might {unknown}
 r - a potion of invisibility {unknown}


   Skills:
 * Level 3.5 Fighting
 + Level 2.1 Armour
 - Level 2.4 Dodging
 + Level 2.8 Stealth
 * Level 4.9 Spellcasting
 - Level 0.7 Evocations


You knew the following spells:

 Your Spells              Type           Power      Damage    Failure   Level
a - Foxfire               Conj/Fire      88%        2x1d8     1%          1
b - Scorch                Fire           44%        2d6       2%          2
c - Volatile Blastmotes   Fire/Tloc      44%        2d13      5%          3
d - Inner Flame           Hex/Fire       22%        N/A       5%          3
e - Flame Wave            Conj/Fire      22%        2d8       17%         4
f - Sandblast             Erth           44%        2d11      1%          1
g - Static Discharge      Conj/Air       44%        2-4/arc   2%          2
h - Gell's Gravitas       Tloc           22%        N/A       5%          3
Your spell library was empty.

Dungeon Overview and Level Annotations

Branches:
Dungeon (6/15)             Temple (1/1) D:5

Altars:
Ashenzari
Cheibriados
Dithmenos
Elyvilon
Fedhas
Gozag
Hepliaklqana
Makhleb
Nemelex Xobeh
Okawaru
Qazlal
Ru
Uskayaw
Wu Jian
Xom
Yredelemnul
Zin
The Shining One

Shops:
D:3 (   D:5 =

Annotations:
D:5 1 runed translucent door, Fodor's ghost, novice MiFi
D:6 Eustachio; Sigmund


Innate Abilities, Weirdness & Mutations

You are immune to sickness and miasma.
You are immune to poison.
Your flesh is very heat resistant. (rF++)
You are vulnerable to cold. (rC-)
You float through the air rather than walking.
You learn spells naturally, not from books.
Your magical power is your life essence.
You have superior vitality. (+4 MHP)


Message History

An orc comes into view. It is wielding a +0 hand axe.
Sigmund drinks a potion.
Sigmund is healed!
The iguana completely misses you.
Casting: Scorch (safe; 2% risk of failure)
Confirm with . or Enter, or press ? or * to list all spells.
Flames lash the iguana.
The iguana is severely wounded.
The iguana's fire resistance burns away.
You hear a shout!
A gnoll comes into view. It is wielding a +0 club.
The iguana bites you but does no damage.
Sigmund closely misses you.
You hear a shout! x2
Casting: Scorch (safe; 2% risk of failure)
Confirm with . or Enter, or press ? or * to list all spells.
Flames lash Sigmund.
Sigmund is burned terribly!
Sigmund is moderately wounded.
The iguana bites you!
* * * LOW HITPOINT WARNING * * *
Sigmund hits you from afar with a +0 scythe!
* * * LOW HITPOINT WARNING * * *
The iguana misses you.
You fly upwards.
Level annotation: 1 runed translucent door, Fodor's ghost, novice MiFi
There is a stone staircase leading down here.
Casting: Scorch (safe; 2% risk of failure)
Confirm with . or Enter, or press ? or * to list all spells.
Flames lash the iguana.
The iguana is burned terribly!
You kill the iguana!
* * * LOW HITPOINT WARNING * * *
You start resting.
HP restored.
You fly downwards.
Level annotation: Sigmund The scorpion closely misses you.
The orc hits you with a +0 hand axe.
Sigmund points at you and mumbles some strange words.
You easily resist.
The scorpion stings you!
There is a stone staircase leading up here.
Casting: Scorch (safe; 2% risk of failure)
Confirm with . or Enter, or press ? or * to list all spells.
The spell is quite dangerous to miscast (19% risk of failure)!
Continue anyway? [Y]es or [N]o only, please.
The spell is quite dangerous to miscast (19% risk of failure)!
Continue anyway?
Casting: Flame Wave (quite dangerous; 19% risk of failure)
Press: ? - help, Dir - look around, f - activate A wave of flame ripples out!
The flame wave engulfs the scorpion.
The scorpion is moderately wounded.
The flame wave engulfs the orc.
The orc is heavily wounded. (Press . to intensify the flame waves.)
You hear a shout! x2
The scorpion stings you.
Eustachio the Magnificent comes into view.
He is wielding a +0 rapier.
The orc hits you with a +0 hand axe. Sigmund casts a spell at you.
The puff of flame hits you. You resist.
A wave of flame ripples out!
The flame wave engulfs the gnoll.
The gnoll is heavily wounded.
The flame wave engulfs the scorpion.
The scorpion is heavily wounded.
The flame wave engulfs the orc but does no damage.
The orc is heavily wounded.
* * * LOW HITPOINT WARNING * * *
The scorpion stings you.
* * * LOW HITPOINT WARNING * * *
The orc hits you with a +0 hand axe.
* * * LOW HITPOINT WARNING * * *
A gnoll comes into view. It is wielding a +0 flail.
The gnoll hits you with a +0 club.
* * * LOW HITPOINT WARNING * * *
A wave of flame ripples out!
The flame wave engulfs the gnoll!
You kill the gnoll!
The flame wave engulfs the scorpion.
The scorpion is severely wounded.
The flame wave engulfs the orc.
You kill the orc!
The flame wave engulfs Sigmund.
Sigmund is lightly wounded.
* * * LOW HITPOINT WARNING * * *
You finish channelling waves of flame.
The scorpion closely misses you.
Sigmund hits you from afar with a +0 scythe!
* * * LOW HITPOINT WARNING * * *
The scorpion barely misses you.
A gnoll comes into view. It is wielding a +0 flail.
The scorpion closely misses you. Sigmund barely misses you.
The scorpion stings you.
* * * LOW HITPOINT WARNING * * *
You fly upwards.
Level annotation: 1 runed translucent door, Fodor's ghost, novice MiFi
There is a stone staircase leading down here.
Casting: Flame Wave (quite dangerous; 17% risk of failure)
Confirm with . or Enter, or press ? or * to list all spells.
You miscast Scorch.
You are very lightly contaminated with residual magic.
Nothing appears to happen.
* * * LOW HITPOINT WARNING * * *
The scorpion closely misses you.
You hit the scorpion.
The scorpion is almost dead.
The scorpion stings you.
You die...

#...# #... #...# #...
#...####...
##...'......
###....####... #......#
#... #..#...####...
#####..#...#......
#@†........#...<..
##s..#............
###.#.#............
#.......###......†.
#####.#.#..............
#.....#.#.#.#........##
#.###.#...#.#........#
#.###................#
#.......##.##..#.....##


You could see a scorpion.

Vanquished Creatures
  An ogre (D:5)
  2 scorpions (D:5)
  A bullfrog zombie (D:5)
  A centaur zombie (D:5)
  2 hounds (D:5)
  An orc priest (D:3)
  Jessica (D:3)
  3 iguanas (D:5)
  A howler monkey zombie (D:5)
  A gnoll (D:6)
  5 adders
  An ufetubus (D:5)
  An adder zombie (D:5)
  2 worms
  A dart slug (D:4)
  8 orcs
  6 bats
  3 endoplasms
  5 giant cockroaches
  6 goblins
  8 hobgoblins
  3 quokkas
  7 ball pythons
  2 frilled lizards
  9 kobolds
  11 rats
92 creatures vanquished.

Vanquished Creatures (others)
  395 foxfires
395 creatures vanquished.

Grand Total: 487 creatures vanquished

Notes
Turn   | Place    | Note
-------+----------+-------------------------------------------
     0 | D:1      | RascalDebosk the Djinni Fire Elementalist began the quest
                  | for the Orb.
     0 | D:1      | RascalDebosk set off with the following spells memorised:
                  | Foxfire, Scorch, Volatile Blastmotes, Inner Flame, Flame
                  | Wave.
     0 | D:1      | Reached XP level 1. HP: 15/15 MP: 0/0
   127 | D:1      | Reached XP level 2. HP: 18/21 MP: 0/0
   281 | D:1      | Reached skill level 3 in Spellcasting
   383 | D:1      | Reached XP level 3. HP: 21/25 MP: 0/0
   383 | D:1      | Learned a level 1 spell: Sandblast
   701 | D:2      | Found a sacrificial altar of Ru.
   944 | D:2      | Reached XP level 4. HP: 28/31 MP: 0/0
  1195 | D:3      | Found an opulent altar of Gozag.
  1212 | D:3      | Found a hide-covered altar of Uskayaw.
  1240 | D:3      | Found a snail-covered altar of Cheibriados.
  1591 | D:3      | Reached skill level 4 in Spellcasting
  1591 | D:3      | Reached XP level 5. HP: 29/36 MP: 0/0
  1591 | D:3      | Learned a level 2 spell: Static Discharge
  1644 | D:3      | Noticed Jessica
  1647 | D:3      | Killed Jessica
  1648 | D:3      | Reached skill level 1 in Fighting
  1825 | D:3      | Found Julueghoar's Weapon Shoppe.
  2162 | D:4      | Found a white marble altar of Elyvilon.
  2738 | D:4      | Found an iron altar of Okawaru.
  2823 | D:4      | Reached XP level 6. HP: 40/42 MP: 0/0
  2897 | D:5      | Entered Level 5 of the Dungeon
  2994 | D:5      | Found Xikomuap's Jewellery Emporium.
  3044 | D:5      | Reached skill level 1 in Armour
  3325 | D:5      | Found a runed translucent door.
  3326 | D:5      | Noticed Fodor's ghost (novice MiFi)
  3388 | D:5      | Found a staircase to the Ecumenical Temple.
  3399 | D:5      | Reached XP level 7. HP: 35/49 MP: 0/0
  3399 | D:5      | Learned a level 3 spell: Gell's Gravitas
  3404 | Temple   | Entered the Ecumenical Temple
  3606 | Temple   | Became a worshipper of Ashenzari the Shackled
  3953 | D:5      | Found a basalt altar of Yredelemnul.
  4121 | D:6      | Noticed Sigmund
  4269 | D:6      | Noticed Eustachio
  4276 | D:5      | Slain by a scorpion

Illustrated notes

Levels and vault maps discovered:
D:1:      elethiomel_arrival_diamonds, layout_rooms, st_stairs_10
D:2:      layout_rooms, basic_altar, minmay_hexomino_r4
D:3:      layout_basic, slow_altar_1, nicolae_uskayaw_suspiria,
          grunt_gozag_statues, serial_shops, nicolae_shop_trees, uniq_jessica
D:4:      nicolae_cairo_tiling, layout_gridville, kennysheep_mini_moat,
          elyvilon_altar_4
D:5:      layout_basic, nicolae_yredelemnul_corpse_copse,
          minmay_temple_entry_overgrown, ebering_ghost_inner_flame,
          serial_shops, shop
D:6:      layout_loops_ring, nicolae_nh_oracle_at_delphi, uniq_eustachio,
          uniq_grinder, uniq_sigmund, uniq_menkaure
Temple:   regret_index_temple_generic_petals

Skill      XL: |  1  2  3  4  5  6  7 |
---------------+----------------------+-----
Spellcasting   | 3 4 |  4.9
Fighting       | 1 2 3 |  3.5
Stealth        | 2 |  2.8
Armour         | 1 2 |  2.1
Dodging        | |  2.4
Evocations     | |  0.7

Action                     |  1- 3 |  4- 6 |  7- 9 || total
---------------------------+-------+-------+-------++-------
  Melee: Short sword       |       |       |     1 ||     1
   Cast: Foxfire           |    67 |   134 |    41 ||   242
         Sandblast         |     3 |       |       ||     3
         Scorch            |     2 |     3 |     7 ||    12
         Gell's Gravitas   |       |       |     2 ||     2
         Flame Wave        |       |       |     1 ||     1
 Armour: Robe              |     2 |       |     2 ||     4
  Dodge: Dodged            |     1 |     7 |    23 ||    31
